 Dungeon Crawl Stone Soup version 0.31.0-9-g3a7656b989 (webtiles) character file.

Game seed: 12796618533246638193

56 Peloso the Covered (level 3, -3/49 HPs)
             Began as a Minotaur Fighter on Feb 5, 2024.
             Slain by a gnoll
             ... wielding a +0 club
              (5 damage)
             ... on level 2 of the Dungeon.
             The game lasted 00:01:54 (1308 turns).

Peloso the Covered (Minotaur Fighter)               Turns: 1308, Time: 00:01:55

Health: -3/49      AC: 21    Str: 20    XL:     3   Next: 71%
Magic:  2/2        EV:  2    Int:  5    God:
Gold:   73         SH:  4    Dex: 11    Spells: 2/2 levels left

rFire   . . .        a - +0 long sword
rCold   . . .        d - +0 buckler
rNeg    . . .        c - melded +3 leather armour "Daarof" {rPois}
rPois   +            (helmet currently unavailable)
rElec   .            (cloak currently unavailable)
rCorr   .            (gloves currently unavailable)
SInv    .            (boots currently unavailable)
Will    .....        (no amulet)
Stlth   +            (no ring)
HPRegen 0.28/turn    (no ring)
MPRegen 0.08/turn

%: no passive effects
@: tree-form, hasted, very quick
A: stationary, stasis, torment immunity, boosted hp, (horns 2), (retaliatory
headbutt)
a: no special abilities


You were on level 2 of the Dungeon.
You were a tree.
You visited 1 branch of the dungeon, and saw 3 of its levels.

You collected 73 gold pieces.

Inventory:

Hand Weapons
 a - a +0 long sword (weapon)
Armour
 b - a +0 scale mail
 c - the +3 leather armour "Daarof" (melded) {rPois}
   (You found it on level 2 of the Dungeon)

   rPois:     It protects you from poison
 d - a +0 buckler (worn)
Wands
 i - a wand of light (8)
Scrolls
 e - a scroll of identify {unknown}
 f - a scroll of blinking {unknown}
 g - a scroll of fear {unknown}
Potions
 k - a potion of might


   Skills:
 + Level 4.1 Fighting
 + Level 3.1 Long Blades
 + Level 4.5 Armour
 + Level 4.1 Shields


You had 2 spell levels left.
You didn't know any spells.
Your spell library contained the following spells:

 Spells                   Type           Power      Damage    Failure   Level
 Cigotuvi's Dreadful Rot  Necr/Alch/Air  0%         N/A       69%         2
 Ignite Poison            Fire/Alch      0%         N/A       100%        4
 Olgreb's Toxic Radiance  Alch           0%         N/A       100%        4
 Freezing Cloud           Conj/Ice/Air   0%         6-21      100%        5
 Ozocubu's Refrigeration  Ice            0%         4d7       100%        7
 Discord                  Hex            0%         N/A       100%        8


Dungeon Overview and Level Annotations

Branches:
Dungeon (3/15)

Altars:

Shops:
D:1 [


Innate Abilities, Weirdness & Mutations

You are a tree.
Your roots penetrate the ground, keeping you stationary.
You cannot be teleported.
You are immune to unholy pain and torment.
Your maximum health is greatly increased.
Your equipment is partially melded.
((You have a pair of horns on your head.))
((You reflexively headbutt those who attack you in melee.))


Message History

The gnoll hits you with a +0 spear.
There is a stone staircase leading up, spattered with blood here.
The gnoll hits you but does no damage.
The hobgoblin hits you but does no damage.
The gnoll hits you but does no damage. You block the gnoll's attack.
You climb upwards.
There is a stone staircase leading down here.
Unknown command.
You hit the gnoll.
The gnoll is almost dead.
The hobgoblin barely misses you. The gnoll misses you.
The gnoll hits you from afar with a +0 spear!
The gnoll hits you with a +0 whip. The hobgoblin barely misses you.
The gnoll hits you with a +0 club. You block the gnoll's attack.
The gnoll hits you from afar with a +0 spear.
You hit the gnoll.
You kill the gnoll!
The hobgoblin hits you. The gnoll hits you with a +0 club!
* * * LOW HITPOINT WARNING * * *
The gnoll closely misses you.
Your Long Blades skill increases to level 3!
Unknown command.
The hobgoblin hits you.
* * * LOW HITPOINT WARNING * * *
The gnoll hits you with a +0 club.
* * * LOW HITPOINT WARNING * * *
The gnoll barely misses you.
Things that are here:
a +0 whip; a gnoll corpse It was a potion of lignification.
You turn into a tree.
The +3 leather armour "Daarof" {rPois} melds into your body.
Your roots penetrate the ground.
The hobgoblin barely misses you.
The gnoll hits you but does no damage. x2
It was a potion of haste.
You feel yourself speed up. You block the hobgoblin's attack.
The gnoll hits you but does no damage. x2
Unknown command.
You completely miss the gnoll.
The hobgoblin hits you but does no damage.
The gnoll hits you with a +0 club.
You die...

###..# ##.##.# #..
##.#####.##.###.#
#.......##.##..#
#######....##.#.
#..#...... ###.[......
###### #...#......
#>g..###.###.....#
#♣g......###......
#.g...........#...
#....######...#...
#....# #..###.# ######
####..# #..
####)....#####
#####....###..# #.
###.....#######'####
###...###....#~~~.~~~#


You could see 2 gnolls and a hobgoblin.

Vanquished Creatures
  3 gnolls
  A ribbon worm (D:3)
  A bat (D:1)
  6 endoplasms
  3 hobgoblins
  2 kobolds
  A quokka (D:1)
  2 ball pythons (D:2)
  A frilled lizard (D:1)
  2 goblins
  A rat (D:1)
23 creatures vanquished.

Notes
Turn   | Place    | Note
-------+----------+-------------------------------------------
     0 | D:1      | Peloso the Minotaur Fighter began the quest for the Orb.
     0 | D:1      | Reached XP level 1. HP: 19/19 MP: 0/0
    76 | D:1      | Found Zumaita's Antique Armour Emporium.
    86 | D:1      | Reached XP level 2. HP: 17/27 MP: 1/1
   212 | D:1      | Found a faded altar of an unknown god.
   892 | D:2      | Reached XP level 3. HP: 30/33 MP: 2/2
  1108 | D:2      | Identified the +3 leather armour "Daarof" {rPois}
  1305 | D:2      | HP: 1/33 [gnoll/+0 club (1)]
  1308 | D:2      | Slain by a gnoll

Illustrated notes

Levels and vault maps discovered:
D:1:      roderic_chinese_lattice_arrival, layout_rooms, serial_shops,
          shop_fountains, dreamdust_ecumenical_altar_hidden_monk_grotto
D:2:      layout_rooms, minmay_curled_crystal, kennysheep_generic_room_10
D:3:      layout_rooms, tso_metal_star, kennysheep_nub

Skill      XL: |  1  2  3 |
---------------+----------+-----
Armour         | 4 |  4.5
Shields        | 4 |  4.1
Fighting       | 4 |  4.1
Long Blades    | 3 |  3.1

Action                     || total
---------------------------++-------
  Melee: Long sword        ||    63
         Headbutt          ||     5
    Use: Potion            ||     3
 Armour: Scale mail        ||    27
         Leather armour    ||    24
         Skin              ||     6
  Dodge: Dodged            ||    42
  Block: Buckler           ||    17
